 Dungeon Crawl Stone Soup version 0.16-a0-113-gc8d9654 (webtiles) character file.

133162 BluebellGnoll the Bludgeoner (level 17, -12/180 HPs)
             Began as an Ogre Hunter on Aug 9, 2014.
             Was a High Priest of Okawaru.
             Mangled by a tentacled monstrosity (18 damage)
             ... on Level 1 of the Abyss on Aug 11, 2014.
             The game lasted 07:56:20 (43203 turns).

BluebellGnoll the Bludgeoner (Ogre Hunter)         Turns: 43203, Time: 07:56:20

HP -12/180       AC  7     Str 21      XL: 17   Next: 14%
MP  25/25        EV 15     Int 15      God: Okawaru [*****.]
Gold 580         SH  0     Dex 10      Spells:  6 memorised,  4 levels left

rFire  + + +     SeeInvis .     h - +11 eveningstar of the Final Chapter {freeze, rN+ Stlth++}
rCold  + . .     Clarity  .     d - +2 robe {rC+ rF+}
rNeg   + . .     rCorr    .     (shield restricted)
rPois  .         rRot     .     U - +1 hat
rElec  .         Spirit   .     l - +0 cloak {MR+}
SustAb .         Warding  .     (gloves unavailable)
rMut   .         Stasis   .     (boots unavailable)
Gourm  .                        (no amulet)
MR     +++..                    o - ring "Chuichec" {rF++ MR+}
                                I - +4 ring of slaying

@: constricted, repel missiles, extremely resistant to hostile enchantments,
fairly stealthy
A: unfitting armour, icy blue scales 1, blurry vision 1, deformed body,
deterioration 1, tough skin 1, placid magic 1
a: Heroism, Finesse, Renounce Religion


You were on level 1 of the Abyss.
You worshipped Okawaru.
Okawaru was extremely pleased with you.
You were full.

You visited 5 branches of the dungeon, and saw 29 of its levels.
You visited the Abyss 1 time.
You also visited: Labyrinth and Ice Cave.

You collected 3291 gold pieces.
You spent 2711 gold pieces at shops.

Inventory:

Hand weapons
 e - a +0 blowgun
 g - the +1 bardiche of Xuynau {distort, Str+3}
   (Okawaru gifted it to you on level 2 of the Spider Nest)

   It warps and distorts space around it.
   Unwielding it can cause banishment or high damage.
   It affects your strength (+3).
 h - the +11 eveningstar of the Final Chapter (weapon) {freeze, rN+ Stlth++}
   (Okawaru gifted it to you on level 1 of the Spider Nest)

   It has been specially enchanted to freeze those struck by it, causing extra
   injury to most foes and up to double damage against particularly susceptible
   opponents.
   It can also slow down cold-blooded creatures.
   It protects you from negative energy.
   It makes you much more stealthy.
 u - the +6 giant spiked club of the Pill Bug {flame, *Tele Str+1}
   (Okawaru gifted it to you on level 14 of the Dungeon)

   It emits flame when wielded, causing extra injury to most foes and up to
   double damage against particularly susceptible opponents.
   It affects your strength (+1).
   It causes random teleportation.
 H - the +6 giant spiked club of Cusaroan {drain, Str+4}
   (Okawaru gifted it to you on level 5 of the Lair of Beasts)

   A truly terrible weapon, it drains the life of those it strikes.
   It affects your strength (+4).
Missiles
 b - 14 large rocks (quivered)
 p - 9 poisoned javelins
 t - 41 tomahawks
 w - 6 throwing nets
 A - 4 curare-tipped needles
 M - 6 tomahawks of dispersal
 P - 6 javelins of penetration
 S - 4 silver javelins
 T - 5 steel tomahawks
 W - 6 steel javelins
 Z - 7 javelins of returning
Armour
 d - a +2 robe of resistance (worn)
 l - a +0 cloak of magic resistance (worn)
 U - a +1 hat (worn)
Magical devices
 a - a wand of disintegration (9)
 c - a wand of lightning (5)
 E - a wand of digging (12)
 F - a wand of confusion (6)
 K - a wand of fire (5)
 L - a wand of digging (8)
Comestibles
 f - 12 meat rations
Scrolls
 n - 4 scrolls of recharging
 r - 10 scrolls of identify
 y - 3 scrolls of immolation
 B - 13 scrolls of teleportation
 G - 8 scrolls of remove curse
 N - 2 scrolls of magic mapping
 R - a scroll of blinking
 V - 7 scrolls of fog
Jewellery
 i - an uncursed ring of ice
 m - an uncursed ring of poison resistance
 o - the ring "Chuichec" (right hand) {rF++ MR+}
   (You bought it in a shop on level 4 of the Dungeon)

   [ring of protection from magic]

   It greatly protects you from fire.
   It affects your resistance to hostile enchantments.
 s - an uncursed ring of see invisible
 D - an uncursed ring of sustain abilities
 I - a +4 ring of slaying (left hand)
 X - an uncursed ring of flight
Potions
 k - a potion of cancellation
 q - 11 potions of might
 v - 3 potions of haste
 z - 7 potions of curing
 C - a potion of resistance
 J - 3 potions of invisibility
 Y - a potion of heal wounds
Miscellaneous
 x - a fan of gales
 Q - a phial of floods


   Skills:
 - Level 14.1 Fighting
 - Level 16.8 Maces & Flails
 + Level 15.9 Throwing
 - Level 14.5 Dodging
 - Level 0.7 Stealth
 - Level 5.5 Conjurations
 - Level 3.1 Air Magic
 - Level 4.2 Poison Magic
 - Level 3.7 Invocations
 - Level 5.8 Evocations


You had 4 spell levels left.
You knew the following spells:

 Your Spells              Type           Power        Failure   Level  Hunger
a - Apportation           Tloc           #.........   16%         1    ##.....
b - Summon Butterflies    Summ           #.......     16%         1    ##.....
c - Confuse               Hex            #.......     67%         3    ####...
d - Cure Poison           Pois           #.........   4%          2    ###....
e - Repel Missiles        Chrm/Air       #.....       11%         2    ###....
f - Mephitic Cloud        Conj/Pois/Air  #.......     9%          3    ####...


Dungeon Overview and Level Annotations

Branches:
Dungeon (15/15)            Temple (1/1) D:5             Orc (4/4) D:11
    Elf (0/3) Orc:3          Lair (7/8) D:8          Shoals (0/5) Lair:4
 Spider (2/5) Lair:4        Slime (0/6) Lair:7       Vaults (0/5) D:14
 Depths (0/5) D:15

Altars:
Ashenzari
Dithmenos
Fedhas
Gozag
Makhleb
Nemelex Xobeh
Okawaru
Qazlal
Sif Muna
Trog
Vehumet
Xom
Yredelemnul
Zin
Beogh
Jiyva

Shops:
D:4 }}=}?   Orc:2 (   Orc:4 !}::

Portals:
Trove: D:13 (give 17 potions of curing)

Annotations:
Orc:4 secret


Innate Abilities, Weirdness & Mutations

You are too large for most types of armour.
You have tough skin (AC +1).
You are partially covered in icy blue scales (AC +1).
Your vision is a little blurry.
Armour fits poorly on your strangely shaped body.
Your body is slowly deteriorating.
Your spells are a little easier to cast, but a little less powerful.


Message History

* * * LOW HITPOINT WARNING * * *
x2 The tentacled monstrosity constricts you.
Drink which item? (? for menu, Esc to quit)
You feel much better.
The tentacled monstrosity tentacle-slaps you!
* * * LOW HITPOINT WARNING * * *
The tentacled monstrosity tentacle-slaps you.
* * * LOW HITPOINT WARNING * * *
The tentacled monstrosity tentacle-slaps you but does no damage.
* * * LOW HITPOINT WARNING * * *
The tentacled monstrosity constricts you!
Unknown command.
Throwing (i - inventory. (,) - cycle):
b - 15 large rocks (quivered)
Press: ? - help, Shift-Dir - straight line, f/p - tentacled monstrosity
Aim: a tentacled monstrosity (severely wounded, constricting you)
You throw a large rock.
The large rock hits the tentacled monstrosity!
The tentacled monstrosity is severely wounded.
The tentacled monstrosity tentacle-slaps you!!
You die...

. .. # .
. .#. #.
# #.
..#. .
..#.. .
. . .#
#.. #. #
.# #.##
...#..#
# # #.
##.#..##
..
#..#@.#
.
#.#%X###
... .
....#..#
.# .##..
....# .
#.#.#. #
# .##.#
## #.
#.# ..
##


You could see a tentacled monstrosity.

Vanquished Creatures
  A frost giant (IceCv)
  2 orc warlords (Orc:2)
  Gastronok (D:13)
  A minotaur (Lab)
  An eidolon (Abyss:1)
  Fannar (D:15)
  9 hydras
  A rakshasa (D:14)
  Harold (Lair:1)
  Nessos (Orc:3)
  An anaconda (Lair:5)
  Erica (Lair:7)
  4 death yaks
  4 centaur warriors
  3 tengu warriors (D:15)
  4 orc high priests
  Urug (Orc:3)
  A sun demon (Abyss:1)
  2 catoblepae
  3 unseen horrors
  5 orb spiders
  9 orc knights
  An orb spider (shapeshifter) (D:15)
  An ice statue (IceCv)
  Pikel (D:8)
  A swamp dragon (shapeshifter) (D:14)
  13 hill giants
  A harpy (D:14)
  A giant orange brain (D:15)
  A wolf spider zombie (D:13)
  3 griffons
  4 orc sorcerers
  9 wolf spiders
  A cyclops (D:12)
  An oklob plant (Lair:7)
  20 ugly things
  2 manticores
  2 mana vipers (shapeshifter)
  6 elephants (Lair:5)
  A hell beast (D:9)
  9 black mambas
  An octopode (shapeshifter) (D:15)
  Joseph (D:8)
  A torpor snail (Spider:1)
  11 spiny frogs
  A smoke demon (Abyss:1)
  An orange demon (Orc:2)
  An iron devil (D:9)
  2 demonic crawlers
  7 komodo dragons
  8 jumping spiders
  2 fire drakes
  17 polar bears
  6 trolls
  A minotaur zombie (Lab)
  5 wandering mushrooms (Lab)
  Prince Ribbit (D:8)
  5 ravens
  A minotaur skeleton (Lab)
  5 blink frogs (Lair:6)
  A queen bee (Spider:1)
  3 two-headed ogres
  6 raiju (Abyss:1)
  4 wyverns
  A shadow (D:14)
  2 slime creatures (D:15)
  A ynoxinul (Abyss:1)
  A griffon zombie (D:11)
  6 trapdoor spiders
  55 yaks
  8 tarantellas
  9 redbacks
  11 basilisks
  An ice dragon skeleton (Abyss:1)
  A flying skull (Abyss:1)
  2 wraiths (D:14)
  3 fire bats
  2 hill giant zombies
  A vampire (D:13)
  A redback (shapeshifter) (D:15)
  3 deep elf magi
  14 hippogriffs
  13 wolves
  2 neqoxecs (Abyss:1)
  7 vampire mosquitoes
  8 wargs
  A mottled dragon (D:14)
  A small abomination (Abyss:1)
  18 water moccasins
  2 hungry ghosts
  5 sky beasts
  A soldier ant (D:13)
  7 spiders
  11 porcupines
  2 necrophages
  55 orc warriors
  11 ogres
  A manticore zombie (D:14)
  A phantom (D:7)
  A boggart (D:14)
  A yellow wasp (D:15)
  4 ice beasts
  A boring beetle (Spider:1)
  15 crocodiles
  Duvessa (D:5)
  11 centaurs
  A komodo dragon zombie (D:13)
  2 big kobolds
  28 giant frogs
  8 scorpions
  42 killer bees
  4 wights (D:14)
  2 electric eels (Lair:6)
  A hippogriff skeleton (D:8)
  2 yak skeletons (Orc:4)
  Dowan (D:5)
  2 goliath beetles
  8 crimson imps
  14 jellies
  39 orc priests
  A yaktaur simulacrum (D:14)
  A gnoll shaman (D:9)
  3 quasits
  Crazy Yiuf (D:2)
  7 hounds
  11 iguanas
  46 orc wizards
  2 centaur skeletons
  2 giant frog skeletons
  6 iron imps (D:9)
  Natasha (thrice) (D:3)
  A basilisk skeleton (D:14)
  10 worker ants
  A brain worm zombie (D:13)
  25 sheep
  Ijyb (D:2)
  An ogre skeleton (D:6)
  A hound skeleton (D:9)
  8 gnolls
  24 adders
  66 green rats
  3 giant mites
  12 white imps (D:12)
  4 shadow imps
  3 worms
  An adder zombie (D:5)
  6 giant geckos
  230 orcs
  2 bat skeletons
  5 giant cockroaches
  14 hobgoblins
  15 kobolds
  2 oozes
  20 quokkas
  2 ball pythons
  8 bats
  A giant cockroach zombie (D:4)
  A giant gecko zombie (D:7)
  4 giant newts
  28 goblins
  2 jackals (D:5)
  3 kobold skeletons
  8 orc zombies (Orc:4)
  A quokka zombie (D:7)
  17 rats
  7 rat skeletons (Orc:4)
  2 ballistomycetes (D:8)
  2 fungi
  2 plants
1308 creatures vanquished.

Vanquished Creatures (collateral kills)
  A porcupine (Lair:3)
1 creature vanquished.

Vanquished Creatures (others)
  3 slaves (D:8)
  A centaur (D:8)
  A jelly (D:8)
  2 orc wizards (D:8)
  An adder (D:8)
  2 hobgoblins (D:8)
  A kobold (D:8)
  A giant spore (D:8)
  A hobgoblin skeleton (D:8)
  A rat (D:4)
  4 rat skeletons (Orc:4)
  A ballistomycete (D:8)
  7 fungi
  2 plants (Lair:2)
28 creatures vanquished.

Grand Total: 1337 creatures vanquished

Notes
Turn   | Place    | Note
--------------------------------------------------------------
     0 | D:1      | BluebellGnoll, the Ogre Hunter, began the quest for the Orb.
     0 | D:1      | Reached XP level 1. HP: 22/22 MP: 1/1
   355 | D:1      | Reached XP level 2. HP: 27/29 MP: 2/2
   878 | D:2      | Reached XP level 3. HP: 26/36 MP: 3/3
  1074 | D:2      | Found a sparkling altar of Nemelex Xobeh.
  1074 | D:2      | Found a burning altar of Makhleb.
  1075 | D:2      | Found a shimmering altar of Xom.
  1141 | D:2      | Noticed Crazy Yiuf
  1150 | D:2      | Killed Crazy Yiuf
  1150 | D:2      | Reached skill level 5 in Maces & Flails
  1150 | D:2      | Reached XP level 4. HP: 44/44 MP: 4/4
  1280 | D:2      | Noticed Ijyb
  1320 | D:2      | Killed Ijyb
  1583 | D:2      | Found a radiant altar of Vehumet.
  1612 | D:2      | Reached skill level 6 in Maces & Flails
  1890 | D:2      | Reached XP level 5. HP: 50/50 MP: 5/5
  2214 | D:3      | Noticed Natasha
  2215 | D:3      | Killed Natasha
  2274 | D:3      | Reached skill level 7 in Maces & Flails
  2303 | D:3      | Found a shadowy altar of Dithmenos.
  2479 | D:3      | Found a deep blue altar of Sif Muna.
  2660 | D:3      | Noticed Natasha
  2665 | D:3      | Killed Natasha
  2665 | D:3      | Reached XP level 6. HP: 44/59 MP: 6/6
  2830 | D:3      | Reached skill level 8 in Maces & Flails
  2871 | D:3      | Noticed Natasha
  2871 | D:3      | Killed Natasha
  3154 | D:4      | Found Taekebac's Jewellery Emporium.
  3286 | D:4      | Found Ocosm's Magic Scroll Shoppe.
  3295 | D:4      | Bought a scroll of identify for 24 gold pieces
  3295 | D:4      | Bought a scroll of teleportation for 36 gold pieces
  3295 | D:4      | Bought a scroll of identify for 24 gold pieces
  3295 | D:4      | Bought a scroll of identify for 24 gold pieces
  3295 | D:4      | Bought a scroll of remove curse for 36 gold pieces
  3300 | D:4      | Bought a scroll of remove curse for 36 gold pieces
  3345 | D:4      | Found Doadeuga's Gadget Emporium.
  3359 | D:4      | Found an opulent altar of Gozag.
  3388 | D:4      | Found Schathra's Gadget Shoppe.
  3493 | D:4      | Found an opulent altar of Gozag.
  3528 | D:4      | Found Uvaruget's Gadget Shop.
  3700 | D:4      | Reached XP level 7. HP: 51/68 MP: 7/7
  3877 | D:5      | Entered Level 5 of the Dungeon
  4017 | D:5      | Found a staircase to the Ecumenical Temple.
  4037 | Temple   | Entered the Ecumenical Temple
  4058 | Temple   | Became a worshipper of Warmaster Okawaru
  4106 | D:5      | Noticed Duvessa
  4107 | D:5      | Noticed Dowan
  4131 | D:5      | Killed Duvessa
  4131 | D:5      | Reached skill level 5 in Fighting
  4158 | D:5      | Killed Dowan
  4357 | D:5      | Reached XP level 8. HP: 68/83 MP: 8/8
  5154 | D:6      | Acquired Okawaru's first power
  5160 | D:6      | Reached skill level 5 in Dodging
  5650 | D:6      | Reached skill level 9 in Maces & Flails
  6306 | D:7      | Reached skill level 5 in Throwing
  6422 | D:7      | Reached XP level 9. HP: 94/94 MP: 9/9
  6530 | D:7      | Found a stormy altar of Qazlal.
  6675 | D:7      | You fall through a shaft for 2 floors!
  6760 | D:8      | Reached skill level 10 in Maces & Flails
  6874 | D:8      | Found a staircase to the Lair.
  6875 | D:8      | Noticed Prince Ribbit
  7046 | D:8      | Got an ichor-stained scimitar
  7061 | D:8      | Noticed Pikel
  7063 | D:8      | Killed Pikel
  7231 | D:8      | Killed Prince Ribbit
  7458 | D:8      | Reached XP level 10. HP: 75/104 MP: 10/10
  7507 | D:8      | Noticed Joseph
  7582 | D:8      | Killed Joseph
  7582 | D:8      | Reached skill level 10 in Throwing
  7604 | D:8      | Got a bloodstained hand axe
  7675 | D:8      | Reached skill level 11 in Maces & Flails
  8113 | D:8      | Identified the +1 hand axe of Truncation {holy, rElec rC+ MR++} (You took it off a hobgoblin on level 8 of the Dungeon)
  8114 | D:8      | Identified the +5 scimitar of Defif {speed, rC+} (You found it on level 8 of the Dungeon)
  8464 | D:9      | Noticed a hell beast
  8537 | D:9      | Found a basalt altar of Yredelemnul.
  8537 | D:9      | Noticed an iron devil
  9432 | D:9      | Killed a hell beast
  9471 | D:9      | Killed an iron devil
  9607 | D:10     | Entered Level 10 of the Dungeon
  9784 | D:10     | Received a gift from Okawaru
 10414 | D:10     | Reached XP level 11. HP: 105/110 MP: 11/11
 10442 | D:10     | Received a gift from Okawaru
 10712 | D:10     | Noticed a hill giant
 10717 | D:10     | Killed a hill giant
 10907 | D:10     | Received a gift from Okawaru
 11112 | D:11     | Found a staircase to the Orcish Mines.
 11147 | D:11     | Received a gift from Okawaru
 11751 | Lair:1   | Entered Level 1 of the Lair of Beasts
 11780 | Lair:1   | Received a gift from Okawaru
 11798 | Lair:1   | Reached skill level 10 in Dodging
 11921 | Lair:1   | Noticed an eight-headed hydra
 11925 | Lair:1   | Killed an eight-headed hydra
 11948 | Lair:1   | Noticed an eight-headed hydra
 11952 | Lair:1   | Killed an eight-headed hydra
 11952 | Lair:1   | Acquired Okawaru's second power
 12028 | Lair:1   | Noticed Harold
 12054 | Lair:1   | Killed Harold
 12056 | Lair:1   | Received a gift from Okawaru
 12094 | Lair:1   | Reached XP level 12. HP: 92/119 MP: 12/12
 12800 | Lair:2   | Reached skill level 10 in Fighting
 13195 | Lair:2   | Reached skill level 12 in Maces & Flails
 13309 | Lair:2   | Received a gift from Okawaru
 13516 | Lair:2   | Reached skill level 13 in Maces & Flails
 14341 | Lair:2   | Identified a +1 rod of striking (11/11) (You found it on level 1 of the Lair of Beasts)
 15057 | D:12     | Received a gift from Okawaru
 15148 | D:12     | Found a frozen archway.
 15253 | IceCv    | Entered an ice cave
 15257 | IceCv    | Received a gift from Okawaru
 15257 | IceCv    | Reached skill level 14 in Maces & Flails
 15394 | IceCv    | Received a gift from Okawaru
 15556 | IceCv    | Reached skill level 15 in Maces & Flails
 15670 | IceCv    | Noticed a frost giant
 15676 | IceCv    | Killed a frost giant
 15685 | IceCv    | Reached XP level 13. HP: 135/135 MP: 13/13
 15722 | IceCv    | Reached skill level 16 in Maces & Flails
 16042 | IceCv    | Received a gift from Okawaru
 17388 | D:12     | Received a gift from Okawaru
 17680 | D:13     | Found a portal to a secret trove of treasure.
 17813 | D:13     | Received a gift from Okawaru
 18290 | D:13     | Received a gift from Okawaru
 18310 | D:13     | Found a shattered altar of Ashenzari.
 18684 | Lair:2   | Learned a level 3 spell: Confuse
 18899 | Lair:3   | Received a gift from Okawaru
 18963 | Lair:3   | Reached skill level 1 in Invocations
 18986 | Lair:3   | Reached skill level 1 in Evocations
 19641 | Lair:4   | Found a labyrinth entrance.
 19758 | Lair:4   | Learned a level 1 spell: Apportation
 19760 | Lair:4   | Learned a level 1 spell: Summon Butterflies
 19761 | Lab      | Entered a labyrinth
 20976 | Lab      | Reached XP level 14. HP: 144/144 MP: 20/22
 20997 | Lab      | Reached skill level 5 in Evocations
 21702 | Lab      | Noticed a minotaur
 21715 | Lab      | Killed a minotaur
 21739 | Lab      | Identified the Volume of Perfectionism
 21891 | Lair:4   | Received a gift from Okawaru
 22604 | Lair:4   | Received a gift from Okawaru
 22718 | Lair:4   | Found a staircase to the Shoals.
 22745 | Lair:4   | Found a hole to the Spider Nest.
 24370 | Lair:5   | HP: 6/144 [black mamba (12)]
 24391 | Lair:4   | HP: 2/144 [death yak (9)]
 24839 | Orc:1    | Entered Level 1 of the Orcish Mines
 25384 | Orc:2    | Found Benuja's Weapon Boutique.
 25867 | Orc:2    | Noticed an orc warlord
 25902 | Orc:2    | Killed an orc warlord
 25913 | Orc:2    | Received a gift from Okawaru
 26076 | Orc:2    | Found a roughly hewn altar of Beogh.
 27586 | Orc:3    | Noticed Nessos
 27586 | Orc:3    | Noticed Urug
 27596 | Orc:3    | Killed Nessos
 27608 | Orc:3    | Killed Urug
 27612 | Orc:2    | HP: 7/146 [poisoned by Urug]
 27928 | Orc:3    | Noticed an orc warlord
 27956 | Orc:2    | Killed an orc warlord
 28407 | Orc:3    | Found a staircase to the Elven Halls.
 28670 | Orc:4    | Entered Level 4 of the Orcish Mines
 28929 | Orc:4    | Found a roughly hewn altar of Beogh.
 29179 | Orc:4    | Received a gift from Okawaru
 29342 | Orc:4    | Reached XP level 15. HP: 159/159 MP: 24/24
 29565 | Orc:4    | Found Ygats' Distillery.
 29565 | Orc:4    | Found Chec's Book Shop.
 29570 | Orc:4    | Found Ytezil's Gadget Emporium.
 29570 | Orc:4    | Found Buxkeenk's Book Shop.
 30650 | Orc:4    | Bought a Young Poisoner's Handbook for 560 gold pieces
 30654 | Orc:4    | Learned a level 2 spell: Cure Poison
 30659 | Orc:4    | Bought a potion of heal wounds for 42 gold pieces
 30659 | Orc:4    | Bought a potion of haste for 98 gold pieces
 30659 | Orc:4    | Bought a potion of curing for 28 gold pieces
 30659 | Orc:4    | Bought a potion of invisibility for 77 gold pieces
 30659 | Orc:4    | Bought a potion of curing for 28 gold pieces
 30662 | Orc:4    | Bought a phial of floods for 600 gold pieces
 31151 | Lair:5   | Reached skill level 1 in Poison Magic
 31342 | Lair:5   | Found an opulent altar of Gozag.
 31487 | Lair:5   | Received a gift from Okawaru
 31644 | Lair:5   | Received a gift from Okawaru
 31651 | Lair:5   | Got a crystal giant spiked club {god gift}
 31775 | Lair:5   | Identified the +6 giant spiked club of Cusaroan {drain, Str+4} (Okawaru gifted it to you on level 5 of the Lair of Beasts)
 32140 | Lair:2   | Learned a level 2 spell: Repel Missiles
 32515 | Lair:6   | Reached skill level 1 in Air Magic
 33381 | Lair:6   | Upgraded the game from 0.16-a0-110-ge8ded92 to 0.16-a0-113-gc8d9654
 33558 | Lair:7   | Found a staircase to the Slime Pits.
 33558 | Lair:7   | Found a viscous altar of Jiyva.
 33803 | Lair:2   | Learned a level 3 spell: Mephitic Cloud
 33947 | Lair:7   | Found a bloodstained altar of Trog.
 33988 | Lair:7   | Reached skill level 1 in Conjurations
 33991 | Lair:7   | Received a gift from Okawaru
 34120 | Lair:7   | Noticed Erica
 34125 | Lair:7   | Killed Erica
 35369 | D:13     | Found a blossoming altar of Fedhas.
 35704 | D:13     | Noticed Gastronok
 35744 | D:13     | Killed Gastronok
 35995 | D:14     | Found a gate to the Vaults.
 36044 | D:14     | Received a gift from Okawaru
 36362 | D:14     | Reached skill level 5 in Conjurations
 36722 | D:14     | Received a gift from Okawaru
 36764 | D:14     | Reached XP level 16. HP: 167/172 MP: 25/25
 36800 | D:14     | Received a gift from Okawaru
 36937 | D:14     | Received a gift from Okawaru
 36945 | D:14     | Got a bloodstained giant spiked club {god gift}
 36946 | D:14     | Identified the +6 giant spiked club of the Pill Bug {flame, *Tele Str+1} (Okawaru gifted it to you on level 14 of the Dungeon)
 37592 | D:15     | Entered Level 15 of the Dungeon
 37900 | D:15     | Noticed Fannar
 38114 | D:15     | Gained mutation: You are partially covered in icy blue scales (AC +1). [potion of beneficial mutation]
 38546 | D:15     | Killed Fannar
 38954 | D:15     | Received a gift from Okawaru
 39541 | D:15     | Received a gift from Okawaru
 39631 | D:15     | Found a staircase to the Depths.
 40451 | D:4      | Bought an uncursed ring of poison resistance for 260 gold pieces
 40451 | D:4      | Bought the ring "Chuichec" {rF++ MR+} for 643 gold pieces
 40451 | D:4      | Bought an uncursed ring of see invisible for 195 gold pieces
 40695 | Spider:1 | Entered Level 1 of the Spider Nest
 40739 | Spider:1 | Received a gift from Okawaru
 40740 | Spider:1 | Got a crystal eveningstar {god gift}
 40741 | Spider:1 | Identified the +11 eveningstar of the Final Chapter {freeze, rN+ Stlth++} (Okawaru gifted it to you on level 1 of the Spider Nest)
 42068 | Spider:2 | Reached skill level 15 in Throwing
 42527 | Spider:2 | Reached XP level 17. HP: 180/180 MP: 25/25
 42626 | Spider:2 | Received a gift from Okawaru
 42635 | Spider:2 | Got a steaming bardiche {god gift}
 42803 | Lair:2   | Identified the +1 bardiche of Xuynau {distort, Str+3} (Okawaru gifted it to you on level 2 of the Spider Nest)
 42804 | Lair:2   | Cast into the Abyss (a distortion unwield)
 42910 | Abyss:1  | Noticed a lich
 43086 | Abyss:1  | Gained mutation: Your spells are a little easier to cast, but a little less powerful. [a neqoxec]
 43087 | Abyss:1  | Gained mutation: Armour fits poorly on your strangely shaped body. [a neqoxec]
 43089 | Abyss:1  | Gained mutation: Your body is slowly deteriorating. [a neqoxec]
 43090 | Abyss:1  | Gained mutation: Your vision is a little blurry. [a neqoxec]
 43157 | Abyss:1  | Noticed a bone dragon
 43194 | Abyss:1  | Noticed a tentacled monstrosity
 43201 | Abyss:1  | HP: 9/180 [tentacled monstrosity (6)]
 43203 | Abyss:1  | Mangled by a tentacled monstrosity

Action                   |  1- 3 |  4- 6 |  7- 9 | 10-12 | 13-15 | 16-18 || total
-------------------------+-------+-------+-------+-------+-------+-------++-------
Melee: Club              |    67 |       |       |       |       |       ||    67
       Hammer            |       |   172 |   174 |   341 |   419 |       ||  1106
       Whip              |       |       |       |     9 |       |       ||     9
       Hand axe          |       |       |       |     1 |    50 |       ||    51
       Giant spiked club |       |       |       |       |    58 |    90 ||   148
       Eveningstar       |       |       |       |       |       |    76 ||    76
 Fire: Hand crossbow     |       |       |       |    24 |       |       ||    24
       Shortbow          |       |       |       |    21 |       |       ||    21
       Blowgun           |       |       |       |       |    37 |     2 ||    39
Throw: Stone             |     9 |    56 |   174 |   398 |   358 |    13 ||  1008
       Large rock        |     9 |    25 |    41 |    62 |   245 |    45 ||   427
       Throwing net      |     2 |     4 |       |       |       |       ||     6
       Tomahawk          |       |       |    48 |    74 |   374 |   107 ||   603
       Javelin           |       |       |       |   100 |   381 |   220 ||   701
 Cast: Repel Missiles    |       |       |       |       |     1 |     2 ||     3
       Cure Poison       |       |       |       |       |       |     1 ||     1
Invok: Heroism           |       |       |       |       |     3 |     1 ||     4
       Finesse           |       |       |       |       |     1 |       ||     1
 Abil: Evoke Flight      |       |       |       |     3 |     4 |       ||     7
Evoke: Wand              |       |       |     5 |    13 |    22 |     2 ||    42
       Phial of floods   |       |       |       |       |       |     1 ||     1
  Use: Scroll            |       |    17 |     7 |    10 |    15 |     6 ||    55
       Potion            |       |       |     3 |       |     7 |     3 ||    13
 Stab: Sleeping          |       |       |       |     1 |       |       ||     1
  Eat: Chunk             |     1 |     8 |    11 |    23 |    48 |    18 ||   109
       Pizza             |       |       |       |     2 |     3 |     1 ||     6
       Meat ration       |       |       |       |       |     1 |     1 ||     2
       Bread ration      |       |       |       |       |     1 |       ||     1
       Fruit             |       |       |       |       |     1 |       ||     1
       Beef jerky        |       |       |       |       |     1 |       ||     1
